 Dungeon Crawl Stone Soup version 0.30-a0-1066-g63dfefce0d (webtiles) character file.

Game seed: 8937293505204800242

1414 jimonade the Chopper (level 8, -6/54 HPs)
             Began as an Octopode Warper on Apr 12, 2023.
             Was a Follower of Cheibriados.
             Killed by divine providence
             ... invoked by an orc priest
              (13 damage)
             ... on level 7 of the Dungeon.
             The game lasted 00:15:18 (5412 turns).

jimonade the Chopper (Octopode Warper)              Turns: 5412, Time: 00:15:19

Health: -6/54      AC:  1    Str: 15    XL:     8   Next: 71%
Magic:  0/12       EV: 14    Int: 18    God:    Cheibriados [*.....]
Gold:   367        SH:  0    Dex: 15    Spells: 8/12 levels left

rFire   . . .      SeeInvis .    a - +1 hand axe
rCold   . . .      Faith    .    (no shield)
rNeg    + . .      Spirit   +    (helmet restricted)
rPois   .          Reflect  .    C - amulet of guardian spirit
rElec   .          Rampage  .    k - +4 ring of slaying
rCorr   .                        m - ring of positive energy
Will    .....                    (no ring)
Stlth   ++++                     (no ring)
HPRegen 0.29/turn                (no ring)
MPRegen 0.13/turn                (no ring)
                                 (no ring)
                                 (no ring)

@: about to teleport, very slow
A: almost no armour, amphibious, 8 rings, camouflage 1, gelatinous body 1,
(nimble swimmer 1), tentacles
a: Renounce Religion, Bend Time


You were on level 7 of the Dungeon.
You worshipped Cheibriados.
Cheibriados was aware of your devotion.
You visited 2 branches of the dungeon, and saw 8 of its levels.
You also visited: Sewer.

You collected 367 gold pieces.

Inventory:

Hand Weapons
 a - a +1 hand axe (weapon)
 t - a +1 flail of pain
 u - a +0 arbalest
Missiles
 c - 7 boomerangs of dispersal
 h - 2 throwing nets
 p - 4 boomerangs
 y - 9 poisoned darts (quivered)
Magical Staves
 F - a staff of death
Jewellery
 k - a +4 ring of slaying (left tentacle)
 m - a ring of positive energy (right tentacle)
 C - an amulet of guardian spirit (around mantle)
Wands
 B - a wand of iceblast (8)
Scrolls
 b - 3 scrolls of blinking
 d - a scroll of fog
 e - a scroll of teleportation
 g - a scroll of immolation
 l - 3 scrolls of enchant weapon
 q - a scroll of fear
 A - a scroll of enchant armour
 E - a scroll of magic mapping
Potions
 f - a potion of ambrosia {unknown}
 i - 3 potions of curing
 j - a potion of mutation {unknown}
 o - 2 potions of attraction
 x - 2 potions of flight
 z - a potion of magic
 D - a potion of haste {unknown}


   Skills:
 + Level 4.3 Fighting
 + Level 6.5 Axes
 + Level 2.8 Throwing
 + Level 4.0 Dodging
 + Level 4.6 Stealth
 - Level 2.8 Spellcasting
 * Level 5.0 Translocations


You had 8 spell levels left.
You knew the following spells:

 Your Spells              Type           Power      Damage    Failure   Level
a - Blink                 Tloc           40%        N/A       3%          2
b - Lesser Beckoning      Tloc           40%        N/A       3%          2

Your spell library contained the following spells:

 Spells                   Type           Power      Damage    Failure   Level
 Teleport Other           Tloc           20%        N/A       6%          3
 Portal Projectile        Hex/Tloc       22%        N/A       19%         3
 Vhi's Electric Charge    Tloc/Air       22%        N/A       19%         3
 Manifold Assault         Tloc           20%        N/A       22%         4
 Call Canine Familiar     Summ           2%         N/A       45%         3
 Leda's Liquefaction      Hex/Erth       1%         N/A       86%         4
 Borgnjor's Revivificati  Necr           1%         N/A       100%        8
 Necromutation            Tmut/Necr      1%         N/A       100%        8
 Death's Door             Necr           1%         N/A       100%        9


Dungeon Overview and Level Annotations

Branches:
Dungeon (7/15)             Temple (1/1) D:4           Sewer (visited)

Altars:
Ashenzari
Cheibriados
Dithmenos
Elyvilon
Fedhas
Gozag
Hepliaklqana
Kikubaaqudgha
Makhleb
Nemelex Xobeh
Okawaru
Qazlal
Ru
Sif Muna
Trog
Uskayaw
Vehumet
Yredelemnul
Zin
The Shining One

Shops:
D:4 *   D:7 [

Annotations:
D:6 1 runed translucent door, Sleet's ghost, novice OgBe


Innate Abilities, Weirdness & Mutations

You cannot wear most types of armour.
You are amphibious.
You can wear up to eight rings at the same time.
Your skin changes colour to match your surroundings (Stealth+).
Your rubbery body absorbs attacks. (AC +1, EV +1)
((You are camouflaged when in or above water. (Stealth+)))
You have tentacles for arms and can constrict up to eight enemies at once.


Message History

The orc warrior hits you with a +0 flail!
You hit the orc warrior but do no damage.
Your grab misses the orc warrior.
The orc warrior is lightly wounded.
An orc wizard comes into view. It is wielding a +0 dagger.
The orc warrior misses you.
You hit the orc warrior. You grab the orc warrior. You squeeze the orc warrior.
The orc warrior is heavily wounded.
You constrict the orc warrior.
The orc wizard gestures wildly while chanting.
The orc wizard flickers and vanishes!
Deactivating autopickup; reactivate with Ctrl-A.
The orc warrior hits you with a +0 flail!
* * * LOW HITPOINT WARNING * * *
Okay, then.
As you read the scroll of teleportation, it crumbles to dust.
You feel strangely unstable.
You constrict the orc warrior. The orc warrior closely misses you.
Okay, then.
Unknown command.
You hit the orc warrior but do no damage.
The orc warrior is heavily wounded.
You hit the orc.
You constrict the orc warrior, but do no damage.
The orc barely misses you. The orc warrior barely misses you.
You hit the orc warrior. You squeeze the orc warrior!
The orc warrior is severely wounded.
You hit the orc.
You kill the orc!
Cheibriados thoroughly appreciates the change of pace.
You slash the orc!
You kill the orc!
Cheibriados appreciates the change of pace.
You constrict the orc warrior.
A magic dart appears from out of thin air!
The magic dart hits you!
* * * LOW HITPOINT WARNING * * *
The orc priest calls down the wrath of Beogh upon you.
Beogh smites you!
You die...

#..............###'##
#.............##P....
#.......##...#...⌠P.
##..(....######P.....
..............##_._._
#######'###....##.P##
#...##..##..)..##...
##......?##.....##..#
#...@∩...+......#####
+...o).$.#......>...#
#....##..##..........
##...##.{##..........
#...##...o.........#
#....+.............#
[....######..........
..##...# #..........
#.. #...# ..........#


You could see an orc warrior and an orc priest.

Vanquished Creatures
  Edmund (D:5)
  A water moccasin (D:6)
  Pargi (Sewer)
  A sky beast (D:7)
  5 ogres
  A jelly (D:4)
  Crazy Yiuf (D:4)
  3 hounds
  Natasha (thrice) (D:2)
  An iguana (D:5)
  3 orc wizards
  8 gnolls
  5 adders
  A river rat (D:4)
  2 shadow imps
  A white imp (D:6)
  An ufetubus (D:5)
  3 worms
  3 dart slugs
  15 orcs
  10 ball pythons
  5 bats
  5 endoplasms
  4 giant cockroaches (D:4)
  4 hobgoblins
  3 quokkas
  10 frilled lizards
  4 goblins
  6 kobolds
  9 rats
120 creatures vanquished.

Notes
Turn   | Place    | Note
-------+----------+-------------------------------------------
     0 | D:1      | jimonade the Octopode Warper began the quest for the Orb.
     0 | D:1      | Reached XP level 1. HP: 14/14 MP: 3/3
   412 | D:1      | Reached XP level 2. HP: 16/19 MP: 5/5
   504 | D:2      | Found a faded altar of an unknown god.
   534 | D:2      | Noticed Natasha
   545 | D:2      | Killed Natasha
   546 | D:2      | Reached skill level 1 in Stealth
   546 | D:2      | Reached XP level 3. HP: 15/24 MP: 6/6
   663 | D:2      | Noticed Natasha
   668 | D:2      | Killed Natasha
   669 | D:2      | Reached XP level 4. HP: 21/30 MP: 7/7
   722 | D:2      | Noticed Natasha
   747 | D:2      | Killed Natasha
   945 | D:2      | Reached skill level 3 in Axes
  1233 | D:3      | Reached XP level 5. HP: 35/35 MP: 8/8
  1357 | D:3      | Found a faded altar of an unknown god.
  1361 | D:3      | Found a shadowy altar of Dithmenos.
  1414 | D:3      | Learned a level 2 spell: Blink
  1417 | D:3      | Learned a level 2 spell: Lesser Beckoning
  1686 | D:4      | Found a glowing drain.
  1719 | Sewer    | Entered a sewer
  1810 | Sewer    | Noticed Pargi
  1903 | Sewer    | Killed Pargi
  1904 | Sewer    | Reached skill level 4 in Axes
  1904 | Sewer    | Reached XP level 6. HP: 9/41 MP: 9/9
  2162 | D:4      | Found a staircase to the Ecumenical Temple.
  2171 | Temple   | Entered the Ecumenical Temple
  2315 | Temple   | Became a worshipper of Cheibriados the Contemplative
  2570 | D:4      | Reached XP level 7. HP: 46/46 MP: 10/10
  2689 | D:4      | Found Vutiuf's General Store.
  2805 | D:4      | Found a runed translucent door.
  2806 | D:4      | Noticed Crazy Yiuf
  2814 | D:4      | Killed Crazy Yiuf
  2972 | D:5      | Entered Level 5 of the Dungeon
  2988 | D:5      | Found a sacrificial altar of Ru.
  3102 | D:5      | Noticed Edmund
  3114 | D:5      | Killed Edmund
  3647 | D:5      | Reached * piety under Cheibriados
  3662 | D:5      | Reached skill level 5 in Axes
  3826 | D:5      | Paralysed by an orc wizard for 4 turns
  4032 | D:5      | Found a stormy altar of Qazlal.
  4231 | D:5      | Reached XP level 8. HP: 54/54 MP: 12/12
  4503 | D:6      | Found a burning altar of Makhleb.
  4582 | D:6      | Reached skill level 6 in Axes
  4841 | D:6      | Found a runed translucent door.
  4842 | D:6      | Noticed Sleet's ghost (novice OgBe)
  5267 | D:7      | Found an ancient bone altar of Kikubaaqudgha.
  5305 | D:7      | Found a sparkling altar of Nemelex Xobeh.
  5305 | D:7      | Found a hazy altar of Hepliaklqana.
  5351 | D:7      | Found Quunkifa's Armour Boutique.
  5362 | D:7      | Reached skill level 5 in Translocations
  5412 | D:7      | Killed from afar by an orc priest

Illustrated notes

Levels and vault maps discovered:
D:1:      lemuel_arrival_hallway, layout_basic
D:2:      layout_basic, ebering_ecumenical_altar_rust, uniq_natasha
D:3:      layout_rooms, nicolae_overflow_ecumenical_swirl,
          kennysheep_generic_room_3
D:4:      layout_basic, minmay_temple_entry_antechambers, serial_shops,
          shop_statue, portal_sewer_entry_a, uniq_crazy_yiuf_cottage
D:5:      layout_basic, nicolae_ru_awakened_eye,
          nicolae_qazlal_scattered_showers, amcnicky_mini_rare_corridor_liquid,
          uniq_edmund
D:6:      layout_rooms, overflow_temple_1_default, gammafunk_ghost_grave
D:7:      layout_gridville, gammafunk_temple_overflow_forgotten, serial_shops,
          shop, shop, nicolae_take_the_stairs, nicolae_shop_crystal
Temple:   nicolae_temple_bog_church

Skill      XL: |  1  2  3  4  5  6  7  8 |
---------------+-------------------------+-----
Stealth        | 1 2 3 4 |  4.6
Axes           | 3 4 5 6 |  6.5
Dodging        | 3 4 |  4.0
Fighting       | 3 4 |  4.3
Throwing       | 2 |  2.8
Translocations | 4 5 |  5.0
Spellcasting   | |  2.8

Action                     |  1- 3 |  4- 6 |  7- 9 || total
---------------------------+-------+-------+-------++-------
  Melee: Hand axe          |    46 |    94 |   100 ||   240
         Constrict         |    13 |    21 |    22 ||    56
         Tentacles         |    10 |    12 |    26 ||    48
         Punch             |     1 |     1 |     2 ||     4
  Throw: Boomerang         |       |    12 |       ||    12
         Dart              |       |     4 |     5 ||     9
         Throwing net      |       |       |     1 ||     1
    Use: Scroll            |       |     2 |    14 ||    16
   Stab: Sleeping          |     8 |    12 |     8 ||    28
         Distracted        |       |       |     2 ||     2
         Held in net/web   |       |       |     1 ||     1
 Armour: Skin              |     8 |     7 |     3 ||    18
  Dodge: Dodged            |    31 |    71 |    50 ||   152

Table legend: (Time is in decaauts)
 A = Elapsed time spent in this place.
 B = Non-inter-level travel time spent in this place.
 C = Inter-level travel time spent in this place.
 D = Time resting spent in this place.
 E = Time spent auto-exploring this place.
 F = Levels seen in this place.
 G = Mean time per level.
                   A        B        C        D        E       F      G
               +--------+--------+--------+--------+--------+-----+--------+
         Total |   6125 |   5752 |    373 |    665 |   3656 |   9 |  680.6 |
       Dungeon |   5543 |   5224 |    319 |    508 |   3462 |   7 |  791.9 |
        Temple |    185 |    132 |     53 |      0 |    120 |   1 |  185.0 |
         Sewer |    395 |    395 |      0 |    157 |     74 |   1 |  395.0 |
               +--------+--------+--------+--------+--------+-----+--------+

Top non-repeatable levels by time:
     D:5: 1555 daAuts
     D:4: 1058 daAuts
     D:6: 975 daAuts
     D:2: 753 daAuts
     D:1: 501 daAuts
     D:3: 468 daAuts
   Sewer: 395 daAuts
     D:7: 230 daAuts
  Temple: 185 daAuts
